Map: Muro dorado EE

Players

MrFercho - Winner!

  • Race: Zerg Zerg
  • League: Gold
  • Spawn Location: 7:00

Beargar

  • Race: Protoss Protoss
  • League: Gold
  • Spawn Location: 5:00

VOD

Have the link to the VOD?

Description

Time

  • Played on: July 20, 2020, 7:14 p.m.
  • Length: 17:38
Show
View Real Time Build Order
Export as new Build Order

MrFercho Zerg - Winner!

Build Orders: Hatch First, Lurkers 

Get SALT Encoding   

  12  0:01  Drone  
  13  0:17  Overlord  
  13  0:18  Drone  
  14  0:36  Drone x2  
  16  0:58  Hatchery  
  16  1:02  Drone x3  
  18  1:11  Extractor  
  17  1:20  Spawning Pool  
  16  1:32  Drone x2  
  18  1:51  Drone x2  
  20  2:02  Drone  
  21  2:11  Queen x2  
  21  2:12  Overlord  
  21  2:15  Overlord  
  25  2:17  Drone  
  26  2:33  Drone x3  
  29  2:47  Zergling x4  
  31  2:51  Metabolic Boost  
  31  2:57  Queen  
  33  3:13  Drone x4  
  33  3:19  Extractor  
  36  3:21  Extractor, Drone x5  
  40  3:37  Lair  
  40  4:05  Evolution Chamber  
  40  4:08  Drone x4  
  40  4:09  Roach Warren, Drone  
  43  4:10  Drone  
  43  4:11  Overlord x2  
  43  4:12  Overlord x2  
  44  4:46  Zerg Missile Weapons Level 1  
  44  4:49  Roach  
  44  4:50  Roach x8  
  62  5:06  Drone x5  
  67  5:19  Glial Reconstitution  
  67  5:28  Drone, Evolution Chamber  
  67  5:35  Overlord x3  
  67  5:36  Overlord  
  67  5:38  Zergling x2  
  67  5:39  Zergling x6  
  71  5:46  Hydralisk Den  
  71  5:48  Hatchery  
  69  5:56  Zerg Ground Armor Level 1  
  69  6:12  Queen  
  71  6:19  Hydralisk x8  
  71  6:25  Grooved Spines  
  87  6:32  Overlord x2  
  87  6:44  Overseer  
  87  6:54  Drone x6  
  93  7:08  Overlord  
  93  7:09  Overlord x3  
  93  7:16  Drone  
  93  7:17  Drone x3  
  93  7:21  Drone x5  
  102  7:25  Extractor  
  102  7:28  Extractor  
  100  7:30  Overseer, Spore Crawler  
  100  7:37  Spine Crawler  
  98  7:39  Spine Crawler  
  97  7:51  Extractor, Drone x3  
  99  7:52  Hatchery, Drone  
  99  7:53  Drone  
  99  7:54  Drone  
  101  8:02  Infestation Pit  
  99  8:30  Overseer  
  99  8:36  Spore Crawler  
  99  8:41  Hive  
  98  8:44  Hydralisk Den  
  97  8:48  Spire  
  96  8:59  Spore Crawler x2  
  94  9:09  Spine Crawler  
  93  9:12  Spine Crawler, Drone x6  
  93  9:13  Drone  
  99  9:20  Muscular Augments  
  99  9:27  Pneumatized Carapace  
  99  9:33  Drone x3  
  99  9:35  Drone x3  
  105  9:49  Spine Crawler  
  104  9:57  Spine Crawler  
  104  9:58  Drone, Spine Crawler  
  103  10:05  Lurker Den  
  102  10:11  Hydralisk x11  
  102  10:12  Hydralisk x13  
  150  10:29  Hatchery  
  149  11:06  Seismic Spines  
  149  11:10  Greater Spire  
  149  11:18  Overlord x4, Hatchery  
  149  11:19  Hydralisk x2  
  149  11:20  Hydralisk x3  
  158  11:44  Drone x13  
  158  11:45  Drone x8  
  179  12:03  Adaptive Talons  
  172  12:12  Overlord x3  
  172  12:13  Overlord  
  172  12:15  Hydralisk x5  
  172  12:16  Hydralisk x7  
  192  12:46  Extractor  
  192  12:47  Extractor  
  176  12:57  Lurker x13  
  189  12:59  Lurker  
  189  13:01  Zergling x2  
  189  13:02  Zergling x16  
  199  13:08  Zerg Flyer Armor Level 1  
  153  14:01  Hydralisk x3  
  153  14:02  Hydralisk x17  
  159  14:29  Hydralisk  
  159  14:30  Hydralisk x11  
  183  14:32  Extractor  
  183  14:34  Hatchery  
  183  14:37  Extractor  
  153  14:48  Overseer  
  153  14:49  Hydralisk x9  
  153  14:50  Hydralisk x2  
  153  14:52  Zergling x20  
  179  14:59  Adrenal Glands  
  179  15:33  Drone x3  
  179  15:35  Drone x2  
  184  15:36  Drone  
  184  15:38  Drone  
  184  15:39  Drone x5  
  184  15:40  Drone x3  
  184  15:41  Drone  
  195  15:57  Spine Crawler  
  195  16:03  Spine Crawler, Lurker, Spore Crawler  
  195  16:04  Lurker x3  
  168  17:09  Hydralisk x13  
  168  17:10  Hydralisk x3  
  200  17:23  Overseer  
Show
View Real Time Build Order
Export as new Build Order

Beargar Protoss 

Build Orders:  

Get SALT Encoding   

  12  0:01  Probe  
  13  0:13  Probe  
  14  0:22  Pylon  
  14  0:27  Probe  
  15  0:43  Gateway  
  15  0:45  Probe  
  15  0:47  Pylon  
  16  0:57  Assimilator, Probe  
  17  1:09  Probe  
  18  1:23  Probe  
  19  1:33  Cybernetics Core  
  19  1:39  Assimilator, Probe  
  20  1:40  Zealot  
  20  1:43  Pylon  
  22  1:56  Probe  
  23  2:03  Gateway, Warp Gate  
  23  2:04  Pylon  
  23  2:11  Pylon  
  23  2:22  Stalker  
  25  2:23  Probe  
  26  2:36  Twilight Council  
  26  2:44  Pylon  
  26  2:49  Probe  
  26  2:51  Adept  
  29  3:01  Probe  
  30  3:13  Probe  
  31  3:21  Pylon  
  31  3:28  Nexus  
  31  3:34  Resonating Glaives  
  30  4:05  Gateway  
  30  4:19  Pylon  
  30  4:23  Shield Battery  
  30  4:25  Probe  
  30  4:29  Adept  
  30  4:30  Adept  
  35  4:36  Dark Shrine  
  35  4:46  Stargate  
  35  4:50  Robotics Facility  
  35  4:51  Probe  
  35  4:52  Probe  
  37  5:03  Forge  
  37  5:10  Assimilator  
  37  5:11  Probe  
  37  5:12  Probe  
  39  5:24  Probe x2  
  39  5:25  Charge  
  41  5:29  Protoss Ground Weapons Level 1  
  41  5:31  Stalker  
  41  5:33  Zealot  
  45  5:41  Probe  
  46  5:45  Probe  
  47  5:56  Warp Prism  
  49  6:05  Phoenix  
  49  6:07  Probe  
  49  6:08  Probe  
  53  6:18  Gateway  
  53  6:22  Adept  
  55  6:27  Adept  
  57  6:48  Protoss Air Weapons Level 1  
  57  6:53  Stalker x2  
  61  6:54  Stalker  
  63  7:08  Immortal  
  67  7:45  Dark Templar  
  67  7:46  Dark Templar x2  
  67  7:47  Dark Templar  
  69  8:42  Dark Templar  
  69  8:43  Dark Templar x3  
  69  8:47  Archon  
  69  8:48  Archon  
  77  8:51  Immortal  
  81  9:11  Assimilator  
  81  9:21  Gateway  
  81  9:26  Gateway  
  81  9:30  Gateway  
  81  9:33  Pylon  
  81  9:34  Immortal  
  85  9:44  Gateway  
  85  9:45  Protoss Ground Armor Level 1  
  85  10:04  Nexus  
  85  10:07  Pylon  
  85  10:10  Pylon  
  85  10:12  Assimilator  
  85  10:29  Dark Templar  
  85  10:30  Dark Templar x2  
  85  10:31  Dark Templar  
  81  10:44  Shield Battery  
  81  10:47  Photon Cannon  
  81  10:50  Photon Cannon, Probe x2  
  81  10:51  Gateway  
  83  11:09  Dark Templar x2  
  83  11:10  Dark Templar x2  
  91  11:12  Zealot  
  91  11:13  Nexus, Zealot x2  
  97  11:24  Immortal  
  101  11:33  Stargate  
  101  11:45  Pylon  
  101  11:51  Probe x3  
  99  12:11  Zealot x4  
  99  12:12  Zealot x4  
  99  12:14  Protoss Shields Level 1  
  115  12:29  Probe x3  
  118  12:35  Protoss Air Armor Level 1  
  118  12:41  Probe x2  
  120  12:56  Probe x3  
  123  13:07  Pylon  
  123  13:08  Shield Battery, Probe x2  
  125  13:17  Pylon  
  125  13:20  Pylon  
  125  13:25  Probe  
  126  13:32  Templar Archives  
  126  13:34  Robotics Bay  
  126  13:37  Fleet Beacon  
  126  13:44  Zealot x3  
  126  13:45  Zealot x3  
  138  14:01  Observer  
  130  14:22  Protoss Ground Weapons Level 2  
  120  14:36  Psionic Storm, Observer  
  103  14:38  Blink  
  103  14:43  Extended Thermal Lance  
  59  14:57  Adept x5  
  59  14:58  Adept x3, Observer  
  76  15:14  Nexus  
  76  15:51  Zealot x2  
  76  15:52  Zealot x5  
  76  15:53  Zealot  
  74  16:21  Zealot x4  
  74  16:23  Gravitic Boosters  
  82  16:28  Probe x2  
  53  17:34  Pylon x2  
Tags
 
Composition
Lurkers
League
GoldGold
Matchup
PvZ
Replay Pack
MrFercho
Spawn Locations
Close Positions
Add a new tag
Caveats
  • Supply blocks, unpowered buildings, or Contaminate may cause inaccurate times.
  • Supply counts are checked every 10 seconds.